 Dungeon Crawl Stone Soup version 0.24-a0-417-g1cce26a4d2 (webtiles) character file.

Game seed: 11858728998653408519

216 HAL9000 the Cutter (level 5, 0/26 HPs)
             Began as a Vine Stalker Assassin on June 11, 2019.
             Slain by a gnoll
             ... wielding a +0 whip
              (9 damage)
             ... on level 4 of the Dungeon.
             The game lasted 00:03:26 (2900 turns).

HAL9000 the Cutter (Vine Stalker Assassin)          Turns: 2900, Time: 00:03:26

Health: 0/26       AC:  4    Str: 14    XL:     5   Next: 93%
Magic:  0/6        EV: 11    Int: 11    God:
Gold:   123        SH:  0    Dex: 16    Spells: 4/4 levels left

rFire    . . .     SeeInvis .   a - +2 dagger
rCold    . . .     Gourm    .   (no shield)
rNeg     + . .     Faith    .   b - +0 robe
rPois    .         Spirit   +   (no helmet)
rElec    .         Reflect  .   c - +0 cloak
rCorr    .         Harm     .   t - +0 pair of gloves
MR       .....                  (no boots)
Stlth    +++.......             (no amulet)
HPRegen  0.48/turn              m - ring of positive energy
MPRegen  0.10/turn              (no ring)

@: no status effects
A: fangs 2, regeneration 1, magic shield, antimagic bite, no potion heal 3, rot
immunity
a: no special abilities


You were on level 4 of the Dungeon.
You were not hungry.

You visited 1 branch of the dungeon, and saw 4 of its levels.

You collected 123 gold pieces.

Inventory:

Hand Weapons
 a - a +2 dagger (weapon)
Missiles
 d - 4 poisoned darts (quivered)
 e - 2 curare-tipped darts
Armour
 b - a +0 robe (worn)
 c - a +0 cloak (worn)
 t - a +0 pair of gloves (worn)
Jewellery
 l - an uncursed ring of ice
 m - a ring of positive energy (left hand)
Wands
 o - a wand of digging (6)
Scrolls
 g - a scroll of amnesia {unknown}
 h - 2 scrolls of identify
 i - 2 scrolls of teleportation
 k - a scroll of enchant weapon {unknown}
 n - a scroll of remove curse
 p - a scroll of enchant armour {unknown}
Potions
 j - a potion of haste
 q - 2 potions of flight {unknown}
 r - a potion of mutation {unknown}
 s - a potion of heal wounds {unknown}
Comestibles
 f - 7 rations


   Skills:
 - Level 1.7 Fighting
 + Level 5.4 Short Blades
 - Level 1.7 Throwing
 - Level 0.7 Dodging
 - Level 4.8 Stealth


You had 4 spell levels left.
You didn't know any spells.
Your spell library was empty.

Dungeon Overview and Level Annotations

Branches:
Dungeon (4/15)
 Temple: D:4-7

Altars:
Fedhas


Innate Abilities, Weirdness & Mutations

You have extremely sharp teeth.
Your natural rate of healing is unusually fast.
When hurt, damage is shared between your health and your magic reserves.
Your bite disrupts and absorbs the magic of your enemies.
Potions cannot restore your health.
You are immune to rotting.


Message History

The poisoned dart closely misses the gnoll.
The poisoned dart hits the gnoll.
The gnoll is poisoned.
The gnoll hits you but does no damage.
You hit the gnoll.
The gnoll is moderately wounded.
You hit the gnoll. You bite the gnoll, but do no damage.
The gnoll is heavily wounded.
The gnoll barely misses you.
You barely miss the gnoll.
The gnoll is heavily wounded.
The gnoll hits you with a +0 whip.
You completely miss the gnoll.
The gnoll is heavily wounded.
The gnoll hits you with a +0 whip!
You hit the gnoll but do no damage.
The gnoll is heavily wounded.
You hit the gnoll. Your bite misses the gnoll.
The gnoll is severely wounded.
The gnoll hits you with a +0 whip!
You die...

## #< #. #.
########################.
#..(..gg@...#............
#.#########.#.###########
#'# #.#.# .g.
######†#.######## .....
+................
.......######.#..##.....
......... #.#..# ...
#####.###.# #.#..# . #.#
.. #.#..#


You could see 2 gnolls.

Vanquished Creatures
  A bullfrog (D:2)
  Terence (D:2)
  A gnoll (D:4)
  4 adders
  An ooze (D:1)
  5 worms
  2 dart slugs
  2 leopard geckos
  3 ball pythons
  3 giant cockroaches
  7 goblins
  6 hobgoblins
  A jackal (D:1)
  9 bats
  2 frilled lizards
  8 kobolds
  6 rats
62 creatures vanquished.

Notes
Turn   | Place    | Note
-------+----------+-------------------------------------------
     0 | D:1      | HAL9000 the Vine Stalker Assassin began the quest for the
                  | Orb.
     0 | D:1      | Reached XP level 1. HP: 11/11 MP: 2/2
    36 | D:1      | Reached skill level 2 in Short Blades
   383 | D:1      | Reached XP level 2. HP: 15/15 MP: 3/3
   544 | D:1      | Reached skill level 3 in Short Blades
   928 | D:1      | Reached XP level 3. HP: 18/18 MP: 4/4
  1836 | D:2      | Gained mutation: Your natural rate of healing is unusually
                  | fast. [Vine Stalker growth]
  1836 | D:2      | Reached XP level 4. HP: 23/23 MP: 5/5
  1965 | D:2      | Noticed Terence
  1967 | D:2      | Killed Terence
  1967 | D:2      | Reached skill level 4 in Short Blades
  2023 | D:2      | Noticed a bullfrog
  2030 | D:2      | Killed a bullfrog
  2030 | D:2      | Reached XP level 5. HP: 26/26 MP: 6/6
  2155 | D:2      | Reached skill level 5 in Short Blades
  2526 | D:3      | Found a blossoming altar of Fedhas.
  2900 | D:4      | Slain by a gnoll

Levels and vault maps discovered:
D:1:      onia_arrival_pentagram, layout_loops_ring, minivault_14, hex_tiny,
          minmay_fountain_box
D:2:      layout_loops_ring, uniq_terence
D:3:      layout_rooms, lemuel_doored_altar
D:4:      layout_basic, grunt_temple_overflow_open, first_ration, serial_shops,
          shop

Skill      XL: |  1  2  3  4  5 |
---------------+----------------+-----
Short Blades   | 2 3 4 5 |  5.4
Fighting       | |  1.7
Throwing       | |  1.7
Dodging        | |  0.7
Stealth        | |  4.8

Action                   |  1- 3 |  4- 6 || total
-------------------------+-------+-------++-------
Melee: Dagger            |   103 |    79 ||   182
       Bite              |    19 |    17 ||    36
Throw: Dart              |     7 |     4 ||    11
  Use: Potion            |     3 |       ||     3
       Scroll            |       |     3 ||     3
 Stab: Sleeping          |     5 |    10 ||    15
       Distracted        |       |     1 ||     1
  Eat: Chunk             |     1 |     5 ||     6
Armor: Robe              |    37 |    13 ||    50
Dodge: Dodged            |    59 |    31 ||    90

Table legend:
 A = Non-vault XP
 B = Vault XP
 C = Vault XP percentage of total XP
 D = Non-vault monster count
 E = Vault monster count
 F = Vault count percentage of total count
                 A         B        C        D         E       F
            +---------+---------+-------+---------+---------+-------
      Total |     273 |      36 |  11.7 |      61 |       1 |   1.6
            +---------+---------+-------+---------+---------+-------
        D:1 |      53 |       0 |   0.0 |      28 |       0 |   0.0
        D:2 |     143 |      36 |  20.1 |      19 |       1 |   5.0
        D:3 |      57 |       0 |   0.0 |      12 |       0 |   0.0
        D:4 |      20 |       0 |   0.0 |       2 |       0 |   0.0
            +---------+---------+-------+---------+---------+-------
